 Dungeon Crawl Stone Soup version 0.25-a0-277-g7046ed1b37 (webtiles) character file.

Game seed: 15675803910616627459, levelgen mode: deterministic

7 Jerej03 the Ducker (level 1, -1/11 HPs)
             Began as a Spriggan Abyssal Knight on Dec 9, 2019.
             Was an Initiate of Lugonu.
             Slain by a goblin
             ... wielding a +0 dagger
              (2 damage)
             ... on level 1 of the Dungeon.
             The game lasted 00:03:43 (362 turns).

Jerej03 the Ducker (Spriggan Abyssal Knight)         Turns: 362, Time: 00:03:44

Health: -1/11      AC:  2    Str:  8      XL:     1   Next: 91%
Magic:  3/3        EV: 18    Int: 13      God:    Lugonu [......]
Gold:   81         SH:  0    Dex: 13 (15) Spells: 0/0 levels left

rFire    . . .     SeeInvis +   a - +1 short sword
rCold    . . .     Gourm    .   (shield restricted)
rNeg     . . .     Faith    .   b - +0 robe
rPois    .         Spirit   .   (helmet restricted)
rElec    .         Reflect  .   (no cloak)
rCorr    .         Harm     .   (gloves unavailable)
MR       .....                  (boots unavailable)
Stlth    +.........             (no amulet)
HPRegen  0.03/turn              (no ring)
MPRegen  0.08/turn              (no ring)

@: very quick
A: very small, unfitting armour, see invisible, herbivore, speed 3, slow
metabolism 2
a: Renounce Religion


You were on level 1 of the Dungeon.
You worshipped Lugonu.
Lugonu was noncommittal.
You were not hungry.

You visited 1 branch of the dungeon, and saw 1 of its levels.
You visited the Abyss 1 time.

You collected 81 gold pieces.

Inventory:

Hand Weapons
 a - a +1 short sword (weapon)
Missiles
 e - 2 atropa-tipped darts (quivered)
 h - 6 javelins
Armour
 b - a +0 robe (worn)
 f - a +0 robe
Scrolls
 i - a scroll of random uselessness {unknown}
 j - a scroll of identify {unknown}
Potions
 d - a potion of flight {unknown}
 g - a potion of haste {unknown}
Comestibles
 c - a ration


   Skills:
 + Level 2.6 Fighting
 + Level 2.3 Short Blades
 + Level 3.8 Dodging
 + Level 1.8 Invocations


You couldn't memorise any spells.
You didn't know any spells.
Your spell library was empty.

Dungeon Overview and Level Annotations

Branches:
Dungeon (1/15)

Altars:


Innate Abilities, Weirdness & Mutations

You are very small and have problems with some larger weapons.
You are too small for most types of armour.
You have supernaturally acute eyesight. (SInv)
You are a herbivore.
You cover ground extremely quickly.
You need to consume almost no food.


Message History

The kobold closely misses you. The goblin hits you but does no damage.
You hit the kobold but do no damage.
The kobold is severely wounded.
The kobold hits you.
* * * LOW HITPOINT WARNING * * *
The goblin hits you with a +0 dagger.
* * * LOW HITPOINT WARNING * * *
You hit the kobold.
You kill the kobold!
Lugonu accepts your kill. The goblin hits you but does no damage.
The goblin hits you but does no damage. The goblin misses you.
The goblin closely misses you. The goblin barely misses you.
The goblin completely misses you. The goblin barely misses you.
The goblin hits you but does no damage. The goblin hits you with a +0 dagger.
You die...

.#.# ### # ...# #.# #.
#..# #.#### #.. #..#
#####....# #..#####..#
#>........
##.........###.######..
#.....##...#....# #.#
#.....@g....(...#######
#.....##..#..#.........
#..... #.....#.........
#..........###########.
#.....#...##..♣....♣.##
#....#...##...........#
#....#####.<......♣..♣#
##### #≈.............#
#..............#


You could see a goblin.

Vanquished Creatures
  A bat (D:1)
  A goblin (D:1)
  A hobgoblin (D:1)
  3 kobolds (D:1)
6 creatures vanquished.

Notes
Turn   | Place    | Note
-------+----------+-------------------------------------------
     0 | Abyss:1  | Jerej03 the Spriggan Abyssal Knight began the quest for the
                  | Orb.
     0 | Abyss:1  | Reached XP level 1. HP: 11/11 MP: 3/3
    71 | Abyss:1  | Found a corrupted altar of Lugonu.
   145 | Abyss:1  | Noticed a large abomination
   179 | Abyss:1  | Noticed a quasit
   202 | Abyss:2  | Found a corrupted altar of Lugonu.
   240 | Abyss:2  | Noticed a large abomination
   254 | Abyss:2  | Noticed a quasit
   260 | D:1      | Escaped the Abyss
   362 | D:1      | Slain by a goblin

Levels and vault maps discovered:
D:1:      nzn_arrival_settlement, layout_basic, minmay_tree_intersection,
          minmay_misc_feat_chi

Action                   || total
-------------------------++-------
Melee: Short sword       ||    25
Invok: Depart the Abyss  ||     1
Armor: Robe              ||     8
Dodge: Dodged            ||    44

Table legend:
 A = Non-vault XP
 B = Vault XP
 C = Vault XP percentage of total XP
 D = Non-vault monster count
 E = Vault monster count
 F = Vault count percentage of total count
                 A         B        C        D         E       F
            +---------+---------+-------+---------+---------+-------
      Total |      11 |       0 |   0.0 |       6 |       0 |   0.0
            +---------+---------+-------+---------+---------+-------
        D:1 |      11 |       0 |   0.0 |       6 |       0 |   0.0
            +---------+---------+-------+---------+---------+-------
